 Dungeon Crawl Stone Soup version 0.32-a0-913-g739538afd8 (webtiles) character file.

Game seed: 4335272952296488317

2075145 ragingrage the Politician (level 27, 178/178 (192) HPs)
             Began as a Kobold Berserker on Apr 10, 2024.
             Was a High Priest of Trog.
             Escaped with the Orb
             ... and 4 runes!
             The game lasted 01:48:46 (86099 turns).

ragingrage the Politician (Kobold Berserker)       Turns: 86099, Time: 01:48:47

HP:   178/178 (192) AC: 19    Str: 19    XL:     27
MP:   41/41         EV: 38    Int:  9    God:    Trog [*****.]
Gold: 4561          SH: 22    Dex: 26    Spells: 26/26 levels left

rFire   + + .        b - +9 quick blade (elec)
rCold   + . .        A - +5 kite shield of the Raven {Will+ rCorr}
rNeg    + + +        y - +5 moon troll leather armour {Spirit, Regen++ MP+5}
rPois   +            S - +2 hood of the Assassin {Detect Stab+ Stlth++}
rElec   +            G - +2 cloak {Will+}
rCorr   +            C - +2 pair of gloves
SInv    +            x - +0 pair of boots "Lurog" {MP+9 SInv}
Will    +++..        g - amulet of Freedom {Regen+ Str+5}
Stlth   ++++         N - ring of the Burgomaster {rElec rF+ rC+ MP+9}
HPRegen 2.89/turn    f - ring "Damnable Contraption" {^Contam rPois rF+ rN+++ Will-}
MPRegen 0.27/turn

%: random rage (3%), guardian spirit
@: drained
A: small, no large weapons, nightstalker 3, berserk 1, deformed body, low MP 2,
mutation resistance 1, weak 1, persistent drain
0: Orb of Zot
}: 4/15 runes: serpentine, barnacled, silver, abyssal
a: Renounce Religion, Berserk, Trog's Hand, Brothers in Arms


You escaped.
You worshipped Trog.
Trog was extremely pleased with you.
You visited 10 branches of the dungeon, and saw 48 of its levels.
You visited the Abyss 2 times.
You also visited: Gauntlet, Ice Cave and Desolation.

You collected 8690 gold pieces.
You spent 4129 gold pieces at shops.

Inventory:

Hand Weapons
 a - a +9 vampiric quick blade
 b - a +9 quick blade of electrocution (weapon)
Missiles
 K - 14 curare-tipped darts (quivered)
 X - 4 throwing nets
Armour
 x - the +0 pair of boots "Lurog" (worn) {MP+9 SInv}
   (You found it in a Gauntlet)

   MP+9:      It affects your magic capacity (+9).
   SInv:      It lets you see invisible.
 y - the +5 moon troll leather armour (worn) {Spirit, Regen++ MP+5}
   (You bought it in a shop on level 5 of the Vaults)

   MP+5:      It affects your magic capacity (+5).
   Regen++:   It increases your rate of health regeneration.
 A - the +5 kite shield of the Raven (worn) {Will+ rCorr}
   (You found it on level 3 of the Lair of Beasts)

   Will+:     It increases your willpower.
   rCorr:     It protects you from acid and corrosion.
 C - a +2 pair of gloves (worn)
 G - a +2 cloak of willpower (worn)
 L - the +5 scale mail "Yboru" {rPois rF+ Str+2}
   (You found it on level 3 of the Elven Halls)

   Str+2:     It affects your strength (+2).
   rF+:       It protects you from fire.
   rPois:     It protects you from poison.
 S - the +2 hood of the Assassin (worn) {Detect Stab+ Stlth++}
   (You found it on level 2 of the Depths)

   Detect:    It allows the wearer to sense nearby creatures.
   Stab+:     It allows the wearer to make particularly effective stabbing
   attacks against helpless or unaware enemies with any weapon.
   Stlth++:   It makes you much more stealthy.
Jewellery
 f - the ring "Damnable Contraption" (right hand) {^Contam rPois rF+ rN+++ Will-}
   (You took it off an ironbound preserver on level 5 of the Vaults)

   [ring of protection from fire]

   rF+:       It protects you from fire.
   rPois:     It protects you from poison.
   rN+++:     It renders you almost immune to negative energy.
   Will-:     It decreases your willpower.
   ^Contam:   It causes magical contamination when unequipped.
 g - the amulet of Freedom (around neck) {Regen+ Str+5}
   (You took it off a naga on level 4 of the Snake Pit)

   [amulet of regeneration]

   Str+5:     It affects your strength (+5).
   Regen+:    It increases your rate of health regeneration.
 J - the ring of Datuw {rC+ rN+ MP+9 Int+3}
   (You took it off a deep elf master archer on level 3 of the Elven Halls)

   [ring of magical power]

   Int+3:     It affects your intelligence (+3).
   rC+:       It protects you from cold.
   rN+:       It protects you from negative energy.
   MP+9:      It affects your magic capacity (+9).
 N - the ring of the Burgomaster (left hand) {rElec rF+ rC+ MP+9}
   (You took it off a vault sentinel on level 5 of the Vaults)

   [ring of magical power]

   rF+:       It protects you from fire.
   rC+:       It protects you from cold.
   rElec:     It insulates you from electricity.
   MP+9:      It affects your magic capacity (+9).
 V - a +5 ring of evasion
Wands
 e - a wand of charming (33)
 D - a wand of warping (45)
 Q - a wand of digging (4)
 U - a wand of acid (21)
 Z - a wand of mindburst (21)
Scrolls
 d - 7 scrolls of immolation
 j - 22 scrolls of teleportation
 k - 8 scrolls of fog
 l - 4 scrolls of brand weapon
 m - 5 scrolls of fear
 n - 6 scrolls of revelation
 p - 10 scrolls of enchant weapon
 r - 7 scrolls of poison
 v - 6 scrolls of vulnerability
 E - 3 scrolls of butterflies
 F - a scroll of silence
 I - a scroll of enchant armour
 Y - a scroll of blinking
Potions
 c - 7 potions of might
 h - 3 potions of magic
 i - 6 potions of haste
 o - 2 potions of cancellation
 q - 19 potions of curing
 t - 6 potions of enlightenment
 w - 8 potions of attraction
 z - 8 potions of heal wounds
 B - 3 potions of berserk rage
 H - 4 potions of invisibility
 M - 6 potions of lignification
 P - 4 potions of ambrosia
 W - 5 potions of resistance
Miscellaneous
 s - a condenser vane
 u - a phantom mirror
 O - a lightning rod (4/4)
 R - a Gell's gravitambourine (2/2)
 T - a box of beasts


   Skills:
 + Level 24.5 Fighting
 O Level 27 Short Blades
 - Level 4.0 Throwing
 - Level 13.4 Armour
 + Level 23.9 Dodging
 - Level 20.0 Stealth
 - Level 20.0 Shields
 + Level 21.8 Evocations


You had 26 spell levels left.
You didn't know any spells.
Your spell library was empty.

Dungeon Overview and Level Annotations

Branches:
Dungeon (15/15)            Temple (1/1) D:5            Lair (5/5) D:9
 Shoals (4/4) Lair:2        Snake (4/4) Lair:3        Slime (0/5) Lair:5
    Orc (2/2) D:11            Elf (3/3) Orc:2        Vaults (5/5) D:13
  Crypt (0/3) Vaults:2     Depths (4/4) D:15            Zot (5/5) Depths:4
  IceCv (visited)         Desolation (visited)      Gauntlet (visited)

Altars:
Ashenzari
Cheibriados
Dithmenos
Elyvilon
Fedhas
Gozag
Hepliaklqana
Kikubaaqudgha
Makhleb
Nemelex Xobeh
Okawaru
Qazlal
Ru
Sif Muna
Trog
Uskayaw
Vehumet
Wu Jian
Xom
Yredelemnul
Zin
The Shining One
Beogh
Jiyva

Shops:
D:6 *=   D:11 *   Orc:2 *:[?   Elf:2 !   Elf:3 (   Shoals:2 :   Snake:1 [
Snake:2 ?   Vaults:3 !   Vaults:4 [   Vaults:5 [   Depths:1 ([(*   Depths:2 ==:
Depths:3 *

Portals:
Hell: Depths:1 Depths:2 Depths:3 Depths:4
Abyss: Depths:1 Depths:3 Depths:4
Pandemonium: Depths:2 Depths:3
Trove: D:10 (give 2 scrolls of acquirement)

Annotations:
Shoals:1 3 runed translucent doors
Shoals:4 exclusion: merfolk impaler
Depths:4 exclusions: daeva and 3 more exclusions
Zot:3 1 transporter
Zot:4 1 exclusion
Zot:5 exclusion: obsidian statue
Abyss:1 Gastronok


Innate Abilities, Weirdness & Mutations

You are small and have problems with some larger weapons.
You are completely attuned to the shadows.
You sometimes lose your temper in combat.
Armour fits poorly on your strangely shaped body.
Your magical capacity is very low. (-20% MP)
You are somewhat resistant to further mutation.
You are weak. (Str -2)
Your health recovers twice as slowly from being drained.


Message History

(Z) Zot
Where to? (Tab/Enter - D:1 @ (x,y), ? - help)
What level of the Dungeon? (default 1, ? - help)
You feel yourself speed up.
There is a stone staircase leading up here.
You recover from your berserk rage.
You climb upwards.
There is a stone staircase leading down here.
There is an entrance to Geddap's Jewellery Boutique here.
There is a stone staircase leading up here.
You climb upwards.
There is a stone staircase leading down here.
You hear a grinding noise.
You hear a grinding noise.
You hear a grinding noise.
You hear a grinding noise.
There is a stone staircase leading up here.
You climb upwards.
There is a stone staircase leading down here.
Things that are here:
a +0 giant club; an ogre skeleton
There is a stone staircase leading up, spattered with blood here.
You climb upwards.
There is a stone staircase leading down here.
There is a stone staircase leading up here.
You climb upwards.
You sense a monster nearby.
There is a stone staircase leading down here.
There are no items here.
(D) Dungeon (T) Temple (L) Lair (A) Shoals (P) Snake Pit (M) Slime Pits (O) Orcish Mines (E) Elven Halls (V) Vaults (C) Crypt (U) Depths (H) Hell (Z) Zot
Where to? (Tab/Enter - D:1 @ (x,y), ? - help)
There is a stone staircase leading up here.
You climb upwards.
There is a stone staircase leading down here.
There is an open door here.
There is a staircase leading out of the dungeon here.
You have escaped!

##.##.# #.# #...# #.###
#.##.# ##.# ###...### #....
##.##.# #..# #.......# #.###
#...#.# #.######.......####
#.# ......#
#...#.............###.#
......#
#.#.'......⌠......'...#
.....##
#.###.............###.###
.^..#####.######.......####
#.... ##.....#...## #@......#
##### ##.##..#.#.# ###...###
##.#......# #...# #....#.#.#
#...# ##...#...########'##
##.#...........##..#
##.##..##.#####.##.##
..###..##.# #.##.# .##
#..##.#####.##.##############


There were no monsters in sight!

Vanquished Creatures
  3 dread liches (Vaults:5)
  3 ancient liches
  8 orbs of fire
  Vashnia (Snake:2)
  5 Killer Klowns (Zot:5)
  5 caustic shrikes (Depths:4)
  6 curse toes
  Nikola (Shoals:4)
  12 golden dragons
  2 Tzitzimimeh
  3 electric golems
  2 doom hounds (Zot:1)
  A hellephant (Depths:4)
  16 tentacled monstrosities
  Grunn (Zot:1)
  A walking crystal tome (Depths:4)
  Mlioglotl (Snake:2)
  2 deep elf blademasters
  4 liches
  6 titans (Vaults:5)
  A walking frostbound tome (Depths:3)
  26 Orb Guardians
  8 quicksilver dragons
  7 sphinxes
  A tentacled starspawn (Abyss:3)
  2 deep elf master archers (Elf:3)
  12 death cobs
  The ghost of rbyellow5 the Shatterer, an adept MDFi of the Shining One (Snake:1)
  11 tengu reavers
  11 shadow dragons
  5 nagarajas (Snake:4)
  15 storm dragons
  Aizul (Snake:4)
  Donald (Elf:1)
  5 protean progenitors
  14 draconian knights
  7 draconian shifters
  11 frost giants
  8 deep elf sorcerers
  9 fire giants
  2 iron dragons
  5 draconian scorchers
  16 vault wardens
  3 deep elf elementalists (Elf:3)
  Louise (Snake:2)
  2 imperial myrmidons (Desolation)
  5 draconian monks
  6 ghost moths
  A shard shrike simulacrum (Abyss:4)
  9 draconian stormcallers
  2 angels (Elf:2)
  A ghoul (Depths:4)
  6 orc warlords
  6 draconian annihilators
  A spriggan defender (Depths:2)
  16 ironbound preservers
  A caustic shrike skeleton (Depths:3)
  2 broodmothers (Zot:1)
  7 ironbound thunderhulks
  15 stone giants
  4 vampire knights
  22 very ugly things
  4 deep elf demonologists
  3 formless jellyfish
  15 green draconians
  10 black draconians
  5 deep elf annihilators
  2 halazid warlocks (Desolation)
  13 dire elephants
  13 red draconians
  2 lorocyprocas
  3 deep elf death magi (Elf:3)
  A minotaur (Gauntlet)
  Azrael (Elf:1)
  20 white draconians
  4 war gargoyles
  12 yellow draconians
  5 purple draconians
  3 spark wasps
  Snorg (Lair:4)
  2 merfolk javelineers
  A blizzard demon (Depths:2)
  13 ettins
  10 fire dragons
  5 entropy weavers
  3 green deaths
  A quicksilver dragon zombie (Depths:3)
  6 merfolk impalers
  3 deep elf high priests (Elf:3)
  2 salamander tyrants (Snake:4)
  9 ragged hierophants (Desolation)
  3 hydras
  6 great orbs of eyes
  4 crystal guardians
  9 ice dragons
  4 rakshasas
  5 servants of whispers (Desolation)
  33 vault guards
  2 merfolk aquamancers
  4 ogre magi
  12 yaktaur captains
  10 peacekeepers
  A spriggan skeleton (Depths:3)
  2 alligators (Zot:1)
  3 catoblepae
  4 spriggan air magi
  4 satyrs
  17 ironbound frosthearts
  2 boulder beetles (Vaults:2)
  3 alligator snapping turtles
  13 two-headed ogres
  24 dancing weapons
  3 death knights
  A sphinx zombie (Depths:1)
  10 centaur warriors
  3 vampire magi (Depths:2)
  7 death yaks
  12 anacondas
  2 tengu warriors (D:13)
  A thrashing horror (Abyss:3)
  8 hell hogs
  8 deep troll shamans
  5 deep troll earth magi
  6 occultists
  21 naga warriors
  4 orc high priests
  4 spriggan berserkers
  12 naga sharpshooters
  10 shock serpents
  A sun demon (Depths:2)
  2 storm dragon zombies (Depths:1)
  4 skysharks
  11 deep elf knights
  6 hell knights (Depths:4)
  8 salamander mystics
  4 wretched stars
  A spatial maelstrom (Abyss:3)
  2 golden dragon zombies (Depths:1)
  2 iron trolls
  12 deep elf archers
  4 shadow wraiths (Depths:2)
  11 sea snakes
  2 sixfirhies
  3 glowing orange brains
  6 arcanists
  5 flayed ghosts
  4 shadow demons
  9 naga ritualists
  A spark wasp zombie (Depths:1)
  An anaconda skeleton (Snake:1)
  13 lindwurms
  62 deep trolls
  6 mana vipers
  A bog body (Zot:1)
  A shadow dragon zombie (Depths:3)
  Pikel (D:4)
  17 ironbound convokers
  2 thermic dynamos (Elf:1)
  2 necromancers
  7 phantasmal warriors
  3 tengu zombies (Depths:1)
  15 harpies
  21 deep elf zephyrmancers
  4 starcursed masses (Abyss:3)
  10 large abominations
  25 deep elf pyromancers
  32 ugly things
  A cyclops (shapeshifter) (Vaults:5)
  A wolf spider (D:15)
  A manticore (shapeshifter) (Vaults:2)
  2 orc sorcerers
  14 orc knights
  12 manticores
  11 fauns
  2 fire giant zombies (Depths:1)
  Maurice (Orc:1)
  4 frost giant zombies (Depths:1)
  5 cyclopes
  3 stone giant zombies (Depths:1)
  32 moths of wrath
  20 salamanders
  14 elephants
  2 meliai (D:14)
  2 merfolk sirens
  A meliai (shapeshifter) (Depths:4)
  6 water nymphs
  51 black mambas
  12 guardian serpents
  3 rust devils
  3 centaur zombies (D:15)
  20 naga magi
  A water nymph (shapeshifter) (Depths:3)
  An apocalypse crab (Abyss:3)
  2 smoke demons
  21 vault sentinels
  A molten gargoyle (Desolation)
  A centaur skeleton (D:15)
  23 yaktaurs
  3 gargoyles
  2 unseen horrors (shapeshifter)
  3 spectral sea snakes (Snake:1)
  2 spriggan zombies (Depths:1)
  An unseen horror (D:11)
  7 cane toads
  An anaconda simulacrum (Snake:1)
  A kobold demonologist (D:9)
  13 rime drakes
  4 freezing wraiths
  2 tengu conjurers (Depths:3)
  4 efreet
  9 komodo dragons
  A red devil (D:7)
  11 trolls
  3 ancient zymes
  15 merfolk
  11 polar bears
  3 hornets (Lair:3)
  A harpy zombie (Abyss:3)
  10 raiju
  A tarantella (Vaults:4)
  An ettin zombie (Depths:1)
  5 wind drakes
  A jumping spider (Vaults:3)
  5 snapping turtles
  3 spectral guardian serpents (Snake:1)
  48 saltlings (Desolation)
  15 blink frogs
  2 dream sheep (Shoals:3)
  38 slime creatures
  A guardian serpent skeleton (Snake:1)
  3 shadows
  A ynoxinul (Abyss:3)
  An air elemental (Elf:3)
  2 wyverns
  4 water elementals
  2 culicivoras
  A basilisk (shapeshifter) (Elf:3)
  6 basilisks
  12 fire elementals
  4 wargs
  65 yaks
  13 redbacks
  8 vampire mosquitoes
  2 fire bats (Abyss:4)
  3 sea snake simulacra (Snake:1)
  A neqoxec (Abyss:3)
  4 steam dragons
  A glowing shapeshifter zombie (Depths:1)
  4 acid dragons
  A harpy simulacrum (D:15)
  58 nagas
  12 water moccasins
  A human zombie (Depths:1)
  6 hell hounds
  Duvessa (D:5)
  An ice beast (D:6)
  3 guardian serpent simulacra (Snake:1)
  3 naga skeletons (Snake:1)
  22 orc warriors
  4 black bears
  A sky beast (D:7)
  23 ogres
  3 centaurs
  12 wolves
  2 phantoms (D:5)
  3 lemures
  6 kobold brigands
  2 weeping skulls (Abyss:3)
  3 brain worms (Zot:4)
  2 gnoll sergeants
  15 bullfrogs
  A scorpion (D:5)
  5 small abominations (Abyss:3)
  A naga simulacrum (Snake:1)
  8 wights
  Dowan (D:5)
  2 spectral nagas (Snake:1)
  18 killer bees
  An electric eel (Lair:4)
  2 bombardier beetles
  3 quasits (Abyss:3)
  6 jellies
  19 orc priests
  A gnoll bouda (D:9)
  3 hounds
  An iguana (D:5)
  15 orc wizards
  A boggart skeleton (D:15)
  A centaur simulacrum (D:9)
  11 gnolls
  6 adders
  A shadow imp (D:5)
  4 ufetubi
  A dart slug (D:4)
  2 ribbon worms (D:3)
  103 orcs
  8 ball pythons
  3 endoplasms (D:2)
  2 giant cockroaches (D:2)
  9 goblins
  12 hobgoblins
  6 jackals
  23 kobolds
  8 quokkas
  4 bats
  2 frilled lizards (D:2)
  5 rats
  An aspiring flesh (Zot:4)
2268 creatures vanquished.

Vanquished Creatures (collateral kills)
  Saint Roka (Orc:2)
  2 golden dragons
  A tentacled monstrosity (Depths:4)
  A death cob (Zot:2)
  Polyphemus (Shoals:4)
  A tengu reaver (Depths:3)
  A shadow dragon (Zot:4)
  3 deep elf sorcerers (Elf:3)
  A draconian scorcher (Zot:1)
  A deep elf elementalist (Elf:3)
  A draconian annihilator (Zot:4)
  An ironbound preserver (Vaults:1)
  An ironbound thunderhulk (Vaults:2)
  A deep elf death mage (Elf:3)
  3 black draconians
  4 white draconians
  A red draconian (Zot:1)
  A yellow draconian (Zot:2)
  A war gargoyle (Vaults:2)
  A deep elf annihilator (Elf:3)
  2 spark wasps (Depths:1)
  A crystal guardian (Vaults:2)
  2 merfolk impalers (Shoals:4)
  A fire dragon (Depths:3)
  2 deep elf high priests (Elf:3)
  A yaktaur captain (Vaults:4)
  An ice dragon (Depths:4)
  A vault guard (Vaults:4)
  An ironbound frostheart (Vaults:4)
  2 alligator snapping turtles (Shoals:1)
  A catoblepas (Shoals:4)
  2 peacekeepers
  6 dancing weapons
  A centaur warrior (Vaults:1)
  An orc high priest (Vaults:4)
  3 deep elf knights
  2 sea snakes (Shoals:1)
  2 deep elf archers (Elf:3)
  3 ironbound convokers
  4 deep elf zephyrmancers
  3 orc knights
  4 deep elf pyromancers
  2 manticores (Shoals:1)
  A water nymph (Shoals:1)
  A cane toad (Lair:1)
  A komodo dragon (Lair:1)
  2 yaktaurs (Vaults:4)
  A wind drake (Shoals:1)
  A troll (D:13)
  4 merfolk
  2 saltlings (Desolation)
  A glass eye (Depths:4)
  4 orc warriors (Orc:2)
  An orc (Orc:2)
95 creatures vanquished.

Vanquished Creatures (others)
  A draconian monk (Zot:4)
  A draconian knight (Zot:1)
  A black draconian (Zot:3)
  A merfolk impaler (Shoals:4)
  An ogre mage (Abyss:3)
  An ice dragon (Abyss:3)
  An orange crystal statue (IceCv)
  An iron dragon zombie (Depths:3)
  A deep elf zephyrmancer (Elf:1)
  A manticore (Shoals:1)
  A moth of wrath (Zot:1)
  A fire bat (Abyss:3)
  3 chaos spawn (Abyss:3)
  A starcursed mass (Abyss:3)
  A lurking horror (Abyss:4)
17 creatures vanquished.

Grand Total: 2380 creatures vanquished

Notes
Turn   | Place    | Note
-------+----------+-------------------------------------------
     0 | D:1      | ragingrage the Kobold Berserker began the quest for the
                  | Orb.
     0 | D:1      | Reached XP level 1. HP: 14/14 MP: 1/1
    92 | D:1      | Reached skill level 1 in Stealth
   213 | D:1      | Reached XP level 2. HP: 12/19 MP: 2/2
   948 | D:2      | Found a faded altar of an unknown god.
  1040 | D:2      | Reached XP level 3. HP: 23/23 MP: 3/3
  1040 | D:2      | Found an opulent altar of Gozag.
  1167 | D:2      | Reached ** piety under Trog
  1297 | D:2      | Reached skill level 5 in Short Blades
  1501 | D:2      | Reached XP level 4. HP: 28/28 MP: 4/4
  1870 | D:3      | Reached skill level 6 in Short Blades
  1875 | D:3      | Reached XP level 5. HP: 16/32 MP: 5/5
  2137 | D:3      | Reached skill level 7 in Short Blades
  2358 | D:3      | Identified the +0 robe of Cigem {rPois}
  2958 | D:4      | Reached XP level 6. HP: 37/37 MP: 6/6
  3008 | D:3      | Reached skill level 8 in Short Blades
  3101 | D:4      | Noticed an ogre
  3107 | D:4      | Killed an ogre
  3218 | D:3      | Reached *** piety under Trog
  3256 | D:4      | Reached skill level 9 in Short Blades
  4109 | D:4      | Reached XP level 7. HP: 41/41 MP: 7/7
  4243 | D:4      | Noticed Pikel
  4260 | D:4      | Killed Pikel
  4261 | D:4      | Reached skill level 10 in Short Blades
  4261 | D:4      | Reached XP level 8. HP: 48/48 MP: 8/8
  4456 | D:5      | Entered Level 5 of the Dungeon
  4616 | D:5      | Reached skill level 5 in Stealth
  4616 | D:5      | Reached skill level 1 in Evocations
  4866 | D:5      | Found a staircase to the Ecumenical Temple.
  4872 | Temple   | Entered the Ecumenical Temple
  5173 | D:5      | Reached skill level 5 in Fighting
  5423 | D:5      | Noticed Duvessa
  5447 | D:5      | Noticed Dowan
  5448 | D:5      | Killed Duvessa
  5449 | D:5      | Reached skill level 5 in Dodging
  5455 | D:5      | Killed Dowan
  5624 | D:5      | Reached XP level 9. HP: 55/55 MP: 9/9
  6056 | D:5      | You fall into a shaft and drop 1 floor!
  6537 | D:6      | Reached skill level 5 in Evocations
  6915 | D:6      | Found Vaulot's Assorted Antiques.
  7141 | D:6      | Found Geddap's Jewellery Boutique.
  7469 | D:7      | Reached **** piety under Trog
  8013 | D:7      | Noticed a troll
  8151 | D:7      | Killed a troll
  8152 | D:7      | Reached XP level 10. HP: 57/64 MP: 10/10
  9502 | D:8      | Found a hazy altar of Hepliaklqana.
  9906 | D:8      | Found a bloodstained altar of Trog.
  9907 | D:8      | Found an iron altar of Okawaru.
  9908 | D:8      | Found a blossoming altar of Fedhas.
  9910 | D:8      | Found a basalt altar of Yredelemnul.
  9911 | D:8      | Found a radiant altar of Vehumet.
  9911 | D:8      | Found a white marble altar of Elyvilon.
  9911 | D:8      | Found an ornate altar of the Wu Jian Council.
  9911 | D:8      | Found a sparkling altar of Nemelex Xobeh.
  9911 | D:8      | Found a stormy altar of Qazlal.
  9912 | D:8      | Found an opulent altar of Gozag.
 10000 | D:9      | Reached skill level 10 in Dodging
 10008 | D:9      | Noticed an elephant
 10040 | D:9      | Killed an elephant
 10041 | D:9      | Reached XP level 11. HP: 46/72 MP: 11/11
 10093 | D:8      | Reached skill level 10 in Fighting
 10093 | D:8      | Reached skill level 10 in Stealth
 10376 | D:9      | Reached ***** piety under Trog
 10711 | D:9      | Found a sacrificial altar of Ru.
 11083 | D:9      | Noticed a two-headed ogre
 11090 | D:9      | Noticed a centaur warrior
 11110 | D:9      | Killed a two-headed ogre
 11110 | D:9      | Received a gift from Trog
 11124 | D:9      | Noticed a manticore
 11307 | D:9      | Killed a centaur warrior
 11435 | D:9      | Found a staircase to the Lair.
 11435 | D:9      | Noticed an elephant
 11456 | D:9      | Killed an elephant
 11842 | D:9      | Identified the ring "Genuaded" {^Drain rC++ Will+ EV+5
                  | Str+3}
 11862 | D:9      | Reached skill level 1 in Throwing
 12034 | D:10     | Entered Level 10 of the Dungeon
 12141 | D:10     | Reached XP level 12. HP: 77/80 MP: 12/12
 12404 | D:10     | Found a roughly hewn altar of Beogh.
 12570 | D:10     | Found a portal to a secret trove of treasure.
 12670 | D:10     | Noticed a two-headed ogre
 12682 | D:10     | Killed a two-headed ogre
 12921 | D:10     | Found a shimmering altar of Xom.
 13410 | D:11     | Found a staircase to the Orcish Mines.
 13420 | D:11     | Found a roughly hewn altar of Beogh.
 13525 | D:11     | Noticed a centaur warrior
 13546 | D:11     | Killed a centaur warrior
 13772 | D:11     | Found Hinux's Neck Hole.
 14344 | Lair:1   | Entered Level 1 of the Lair of Beasts
 14417 | Lair:1   | Found a gate leading to a gauntlet.
 14434 | Gauntlet | Entered a Gauntlet
 14434 | Gauntlet | Found a transporter.
 14434 | Gauntlet | Found a transporter.
 14451 | Gauntlet | Found a transporter.
 14452 | Gauntlet | Noticed a death scarab
 14460 | Gauntlet | Found a transporter.
 14484 | Gauntlet | Found a transporter.
 14493 | Gauntlet | Found a transporter.
 14583 | Gauntlet | Found a transporter.
 14592 | Gauntlet | Found a transporter.
 14594 | Gauntlet | Noticed a fire crab
 14609 | Gauntlet | Found a transporter.
 14625 | Gauntlet | Found a transporter.
 14714 | Gauntlet | Found a transporter.
 14726 | Gauntlet | Noticed a tengu warrior
 14738 | Gauntlet | Found a transporter.
 14745 | Gauntlet | Noticed an entropy weaver
 14751 | Gauntlet | Found a transporter.
 14751 | Gauntlet | Found a transporter.
 14781 | Gauntlet | Found a transporter.
 14803 | Gauntlet | Found a transporter.
 15086 | Gauntlet | Identified the +0 pair of boots "Lurog" {MP+9 SInv}
 15213 | Gauntlet | Noticed a minotaur
 15228 | Gauntlet | Killed a minotaur
 15647 | Lair:2   | Noticed Gastronok
 15653 | Lair:2   | Banished Gastronok
 15654 | Lair:2   | Reached skill level 11 in Short Blades
 15654 | Lair:2   | Reached XP level 13. HP: 88/88 MP: 13/13
 16041 | Lair:2   | Found a staircase to the Shoals.
 16365 | Lair:2   | Reached skill level 12 in Short Blades
 16758 | Lair:3   | Found a staircase to the Snake Pit.
 17139 | Lair:3   | Noticed a seven-headed hydra
 17151 | Lair:3   | Killed a seven-headed hydra
 17152 | Lair:3   | Reached skill level 13 in Short Blades
 17619 | Lair:3   | Noticed a five-headed hydra
 17626 | Lair:3   | Killed a five-headed hydra
 17627 | Lair:3   | Reached skill level 15 in Dodging
 17688 | Lair:3   | Identified the +5 kite shield of the Raven {Will+ rCorr}
 18533 | Lair:4   | Reached XP level 14. HP: 90/94 MP: 14/14
 18598 | Lair:4   | Noticed Snorg
 18622 | Lair:4   | Killed Snorg
 18623 | Lair:4   | Reached skill level 14 in Short Blades
 18782 | Lair:4   | Reached skill level 1 in Shields
 18981 | Lair:4   | You fall into a shaft and drop 1 floor!
 18981 | Lair:5   | Entered Level 5 of the Lair of Beasts
 19000 | Lair:5   | Reached skill level 10 in Evocations
 19091 | Lair:5   | Reached ****** piety under Trog
 19120 | Lair:5   | Received a gift from Trog
 19745 | Lair:5   | Found a viscous altar of Jiyva.
 19747 | Lair:5   | Found a staircase to the Slime Pits.
 20635 | Lair:4   | Reached skill level 5 in Shields
 21537 | Lair:5   | Reached XP level 15. HP: 98/98 MP: 15/15
 21539 | Lair:5   | Received a gift from Trog
 23728 | D:13     | Found a gate to the Vaults.
 23925 | D:13     | Reached skill level 10 in Shields
 24613 | Orc:1    | Entered Level 1 of the Orcish Mines
 24643 | Orc:1    | Received a gift from Trog
 24659 | Orc:1    | Noticed Maurice
 24671 | Orc:1    | Killed Maurice
 25130 | Orc:2    | Entered Level 2 of the Orcish Mines
 25178 | Orc:2    | Noticed Saint Roka
 25458 | Orc:2    | Killed Saint Roka
 25567 | Orc:2    | Found Neoblic's Assorted Antiques.
 25567 | Orc:2    | Found Myzoolos's Antique Armour Shoppe.
 25772 | Orc:2    | Reached XP level 16. HP: 104/104 MP: 16/16
 25853 | Orc:2    | Received a gift from Trog
 26088 | Orc:2    | Found Eluk's Magic Scroll Boutique.
 26088 | Orc:2    | Found Fiychol's Book Shoppe.
 26214 | Orc:2    | Bought a scroll of fear for 60 gold pieces
 26214 | Orc:2    | Bought a scroll of teleportation for 45 gold pieces
 26214 | Orc:2    | Bought a scroll of enchant weapon for 112 gold pieces
 26214 | Orc:2    | Bought a scroll of enchant armour for 112 gold pieces
 26214 | Orc:2    | Bought a scroll of teleportation for 45 gold pieces
 26216 | Orc:2    | Bought a viscous clear potion for 32 gold pieces
 26353 | Orc:2    | Found a staircase to the Elven Halls.
 26515 | Orc:2    | Found a roughly hewn altar of Beogh.
 27001 | D:14     | Found a broken altar of Ashenzari.
 27050 | D:14     | Found a hazy altar of Hepliaklqana.
 27660 | D:15     | Entered Level 15 of the Dungeon
 28068 | D:15     | Found a staircase to the Depths.
 28114 | D:15     | Received a gift from Trog
 28944 | Snake:1  | Entered Level 1 of the Snake Pit
 29107 | Shoals:1 | Entered Level 1 of the Shoals
 29232 | Shoals:1 | Noticed a frost giant
 29389 | Shoals:1 | Found a runed translucent gate.
 29390 | Shoals:1 | Found a runed translucent gate.
 29394 | Shoals:1 | Found a runed translucent gate.
 29395 | Shoals:1 | Noticed a frost giant
 29583 | Shoals:1 | Reached XP level 17. HP: 108/108 MP: 17/17
 30264 | Shoals:1 | Reached skill level 15 in Shields
 30447 | Shoals:1 | Received a gift from Trog
 30643 | Shoals:1 | Gained mutation: You are dopey. (Int -2) [mutagenic glow]
 31425 | Shoals:2 | Found Zicvuc's Book Emporium.
 31716 | Shoals:2 | Found a glacial archway.
 31743 | IceCv    | Entered an ice cave
 33195 | IceCv    | Received a gift from Trog
 34114 | Shoals:3 | Reached XP level 18. HP: 101/116 MP: 18/18
 35218 | Shoals:4 | Entered Level 4 of the Shoals
 35641 | Shoals:4 | Noticed Polyphemus
 35668 | Shoals:4 | Killed Polyphemus
 35946 | Shoals:4 | Got a barnacled rune of Zot
 36369 | Shoals:4 | Noticed Nikola
 36374 | Shoals:4 | Killed Nikola
 36374 | Shoals:4 | Received a gift from Trog
 37516 | Elf:1    | Entered Level 1 of the Elven Halls
 37735 | Elf:1    | Noticed Donald
 37752 | Elf:1    | Killed Donald
 38455 | Elf:1    | Received a gift from Trog
 38571 | Elf:1    | Reached XP level 19. HP: 109/123 MP: 19/19
 38642 | Elf:1    | Noticed Azrael
 38653 | Elf:1    | Killed Azrael
 39056 | Elf:1    | Found a hide-covered altar of Uskayaw.
 39318 | Elf:1    | Reached skill level 15 in Fighting
 39335 | Elf:1    | Found the +8 pair of quick blades "Gyre" and "Gimble"
                  | {protect}
 39636 | Elf:2    | Found Wijy's Distillery.
 39643 | Elf:2    | Bought a potion of invisibility for 136 gold pieces
 39643 | Elf:2    | Bought a potion of degeneration for 17 gold pieces
 39643 | Elf:2    | Bought a potion of curing for 51 gold pieces
 39643 | Elf:2    | Bought 2 potions of haste for 340 gold pieces
 39643 | Elf:2    | Bought a potion of curing for 51 gold pieces
 39707 | Elf:2    | Found a crumbling gateway.
 39721 | Elf:2    | Found a glowing golden altar of the Shining One.
 39721 | Elf:2    | Found a glowing silver altar of Zin.
 39721 | Elf:2    | Found a white marble altar of Elyvilon.
 39766 | Desolati | Entered the Desolation of Salt
 39932 | Desolati | Found the +4 robe of Folly {Brill Will-∞ Int+8}
 40082 | Desolati | Reached skill level 15 in Stealth
 40253 | Desolati | Received a gift from Trog
 40253 | Desolati | Found the +2 Maxwell's thermic engine {flame, freeze, rev}
 40450 | Desolati | Identified the +2 plate armour of the Avant Garde God
                  | {^Contam Rampage rF+ rC+}
 40765 | Desolati | Identified the +0 leather armour "Empeuss" {rPois rN++
                  | Str-2 Dex+3}
 40767 | Desolati | Identified the +0 robe "Eligiut" {Fly Regen+ Str-4 Int+3}
 40907 | Desolati | Identified the +12 dagger of Non Obstante Veredicto {heavy,
                  | Str+2} (Trog gifted it to you in the Desolation of Salt)
 40907 | Desolati | Received a gift from Trog
 40918 | Desolati | Identified the ring "Nesoug" {Fly rPois Int+2 Dex+2}
 42405 | Elf:2    | Found a runed translucent gate.
 42406 | Elf:2    | Found a runed translucent gate.
 42406 | Elf:2    | Found a runed translucent gate.
 42508 | Elf:2    | Reached XP level 20. HP: 114/129 MP: 20/20
 42746 | Elf:2    | Received a gift from Trog
 43326 | Elf:2    | Reached skill level 15 in Evocations
 43483 | Elf:3    | Entered Level 3 of the Elven Halls
 43608 | Elf:3    | Found Egocyeq's Weapon Emporium.
 43747 | Elf:3    | Received a gift from Trog
 44322 | Elf:3    | Reached skill level 15 in Short Blades
 44684 | Elf:3    | Identified the ring of Datuw {rC+ rN+ MP+9 Int+3}
 44886 | Elf:3    | Identified the +5 rapier of Wounding {flame, rC+ Will+
                  | Dex+3} (Trog gifted it to you on level 3 of the Elven
                  | Halls)
 44886 | Elf:3    | Received a gift from Trog
 45222 | Elf:3    | Identified the +8 dire flail "Refophau" {venom, rElec Int-3
                  | Dex+5}
 45231 | Elf:3    | Identified the +8 hand axe of the Leaping Madman {speed,
                  | Dex+2}
 45251 | Elf:3    | Noticed an Ice Fiend
 45492 | Elf:3    | Reached skill level 16 in Short Blades
 45713 | Elf:3    | Identified the +5 scale mail "Yboru" {rPois rF+ Str+2}
 45838 | Elf:3    | Identified a scroll of acquirement
 45844 | Elf:3    | Acquired a +5 quick blade of electrocution
 46213 | Snake:1  | Reached XP level 21. HP: 134/134 MP: 21/21
 46283 | Snake:1  | Found a runed translucent gate.
 46283 | Snake:1  | Found a runed translucent gate.
 46283 | Snake:1  | Found a runed translucent gate.
 46483 | Snake:1  | Received a gift from Trog
 46701 | Snake:1  | Found Zoblodeu's Armour Shoppe.
 46722 | Snake:1  | Found Ilou's Armour Emporium.
 46742 | Snake:1  | Reached skill level 17 in Short Blades
 47034 | Snake:1  | Noticed rbyellow5's ghost (adept MDFi)
 47097 | Snake:1  | Killed rbyellow5's ghost
 47219 | Snake:1  | Identified the +2 leather armour of the Trilobite {Fly
                  | rElec Slay+3}
 47330 | Snake:2  | Noticed Louise
 47345 | Snake:2  | Killed Louise
 47382 | Snake:2  | Received a gift from Trog
 47529 | Snake:2  | Reached skill level 18 in Short Blades
 47649 | Snake:2  | Found Tyth's Magic Scroll Boutique.
 47654 | Snake:2  | Bought a scroll of fear for 48 gold pieces
 47795 | Snake:2  | Noticed Mlioglotl
 47813 | Snake:2  | Killed Mlioglotl
 47943 | Snake:2  | Noticed Vashnia
 48284 | Snake:2  | Killed Vashnia
 48285 | Snake:2  | Reached skill level 19 in Short Blades
 49699 | Snake:3  | Reached skill level 20 in Short Blades
 49954 | Snake:4  | Entered Level 4 of the Snake Pit
 50001 | Snake:4  | Reached XP level 22. HP: 102/140 MP: 22/22
 50108 | Snake:4  | Identified the amulet of Freedom {Regen+ Str+5}
 50120 | Snake:4  | Identified the serpent talisman of the Big Bang {Int+5}
 50120 | Snake:4  | Noticed Aizul
 50142 | Snake:4  | Killed Aizul
 50453 | Snake:4  | Received a gift from Trog
 51219 | Snake:4  | Reached skill level 5 in Armour
 51295 | Snake:4  | Got a serpentine rune of Zot
 51708 | Vaults:1 | Entered Level 1 of the Vaults
 51860 | Vaults:1 | Identified the storm talisman of Dogmatism {*Corrode +Blink
                  | rC+ Int+2}
 52483 | Vaults:1 | Received a gift from Trog
 52811 | Vaults:1 | Reached skill level 21 in Short Blades
 53161 | Vaults:1 | Reached XP level 23. HP: 148/148 MP: 23/23
 53597 | Vaults:2 | Received a gift from Trog
 53793 | Vaults:2 | Identified the +10 sling "Saydeto" {freeze, Str+4 Dex+4}
 54489 | Vaults:2 | You fall into a shaft and drop 1 floor!
 54706 | Vaults:3 | Found Lullo's Distillery.
 54711 | Vaults:3 | Bought a potion of ambrosia for 136 gold pieces
 54711 | Vaults:3 | Bought a potion of curing for 51 gold pieces
 54711 | Vaults:3 | Bought a potion of heal wounds for 85 gold pieces
 54711 | Vaults:3 | Bought a potion of resistance for 170 gold pieces
 54711 | Vaults:3 | Bought a potion of curing for 51 gold pieces
 54711 | Vaults:3 | Bought a potion of resistance for 170 gold pieces
 54711 | Vaults:3 | Bought a potion of curing for 51 gold pieces
 54711 | Vaults:3 | Bought a potion of haste for 170 gold pieces
 54711 | Vaults:3 | Bought a potion of invisibility for 136 gold pieces
 54791 | Vaults:2 | Received a gift from Trog
 54823 | Vaults:2 | Reached skill level 22 in Short Blades
 55041 | Vaults:2 | Found a staircase to the Crypt.
 55695 | Vaults:3 | Identified the +0 chain mail "Nugom" {rC+ Int+4 Dex+3}
 56000 | Vaults:3 | Received a gift from Trog
 56297 | Vaults:3 | Reached skill level 23 in Short Blades
 56490 | Vaults:3 | Reached XP level 24. HP: 157/157 MP: 23/23
 56568 | Vaults:3 | Identified the +6 orcbow "Spiderslayer" {flame, MP-9 Str+7
                  | Int-5}
 56579 | Vaults:3 | Identified the death talisman "Losiq" {rC+}
 56602 | Vaults:3 | Identified the staff "Niyhyips" {rC+ rN+ Int+3 Ice}
 57304 | Vaults:4 | Found Wiorch's Antique Armour Shoppe.
 57349 | Vaults:4 | Received a gift from Trog
 57598 | Vaults:4 | Found a roughly hewn altar of Beogh.
 58616 | Depths:1 | Entered Level 1 of the Depths
 58649 | Depths:1 | Found a one-way gate to the infinite horrors of the Abyss.
 58716 | Depths:1 | Found a basalt altar of Yredelemnul.
 58824 | Depths:1 | Reached skill level 24 in Short Blades
 59090 | Depths:1 | Found Jimmehur's Weapon Shoppe.
 59242 | Depths:1 | Found a gateway to Hell.
 59271 | Depths:1 | Found Inaesous's Armour Boutique.
 59295 | Depths:1 | Bought a +2 cloak of willpower for 430 gold pieces
 59306 | Depths:1 | Bought a +1 helmet of see invisible for 330 gold pieces
 59559 | Depths:1 | Received a gift from Trog
 59626 | Depths:1 | Found Astrej's Antique Weapon Boutique.
 59666 | Depths:1 | Found Jiphukh's Assorted Antiques.
 59671 | Depths:1 | Bought a notched onyx ring for 170 gold pieces
 59768 | Depths:1 | Found a shimmering altar of Xom.
 59798 | Depths:1 | Found a shimmering altar of Xom.
 60144 | Depths:2 | Reached XP level 25. HP: 164/164 MP: 23/23
 60251 | Depths:2 | Found the +0 cloak of the Thief {Quiet Slay-3 SInv Stlth+}
 60252 | Depths:2 | Found the +2 hood of the Assassin {Detect Stab+ Stlth++}
 60253 | Depths:2 | Found a shadowy altar of Dithmenos.
 60344 | Depths:2 | Identified the +1 shortbow of Badalar {drain, ^Contam rElec
                  | rN+}
 60472 | Depths:2 | Found a one-way gate leading to the halls of Pandemonium.
 60930 | Depths:2 | Found Sick's Jewellery Shop.
 60930 | Depths:2 | Found Xanisch's Jewellery Shop.
 60931 | Depths:2 | Found Yttuiwot's Book Emporium.
 60988 | Depths:1 | Voluntarily entered the Abyss.
 61078 | Depths:1 | Escaped the Abyss
 61080 | Depths:1 | Voluntarily entered the Abyss.
 61118 | Abyss:2  | Found a corrupted altar of Lugonu.
 61439 | Abyss:3  | Received a gift from Trog
 61820 | Abyss:3  | Found a corrupted altar of Lugonu.
 62015 | Abyss:3  | Gained mutation: Your body sometimes deteriorates upon
                  | taking damage. [a neqoxec]
 62127 | Abyss:4  | Found a corrupted altar of Lugonu.
 62130 | Abyss:4  | Got an abyssal rune of Zot
 62337 | Depths:1 | Escaped the Abyss
 62400 | Depths:3 | Found Heurph's General Store.
 62572 | Depths:3 | Received a gift from Trog
 62729 | Depths:3 | Identified the ring of Yxunumm {Fly rC+ MP+9 Stlth+}
 62747 | Depths:3 | Reached skill level 25 in Short Blades
 63146 | Depths:3 | Received a gift from Trog
 63406 | Depths:3 | Found the +9 sword of Power {lifebolt}
 63407 | Depths:3 | Identified the +9 orcbow "Jikkus" {elec, rN+ Dex+2}
 63628 | Depths:3 | Reached XP level 26. HP: 162/173 MP: 23/23
 63649 | Depths:3 | Found an ornate altar of the Wu Jian Council.
 63825 | Depths:4 | Entered Level 4 of the Depths
 63847 | Depths:4 | Identified the ring "Ahoatekio" {Fly Int+3}
 64748 | Depths:4 | Found a gate to the Realm of Zot.
 65050 | Depths:4 | Found a bloodstained altar of Trog.
 65183 | Zot:1    | Entered Level 1 of the Realm of Zot
 65286 | Zot:1    | Reached skill level 26 in Short Blades
 65459 | Zot:1    | Reached skill level 10 in Armour
 65783 | Zot:1    | Received a gift from Trog
 66587 | Zot:1    | Noticed Grunn
 66622 | Zot:1    | Killed Grunn
 66634 | Zot:1    | Reached XP level 27. HP: 124/169 MP: 23/23
 66984 | Zot:1    | Reached skill level 27 in Short Blades
 67786 | Zot:2    | Identified the +0 scale mail of Prudence {rF+ Int+2 Stlth+}
 68338 | Zot:3    | Found a transporter.
 68801 | Zot:4    | Received a gift from Trog
 68934 | Zot:4    | Noticed an orb of fire
 70202 | Zot:3    | Gained mutation: You are weak. (Str -2) [an orb of fire]
 70217 | Zot:3    | Gained mutation: Your body often deteriorates upon taking
                  | damage. [an orb of fire]
 70218 | Zot:3    | Killed an orb of fire
 72307 | Zot:5    | Entered Level 5 of the Realm of Zot
 72419 | Zot:5    | Received a gift from Trog
 73105 | Zot:5    | Noticed a Killer Klown
 73115 | Zot:5    | Noticed an orb of fire
 73117 | Zot:5    | Gained mutation: Armour fits poorly on your strangely
                  | shaped body. [an orb of fire]
 73127 | Zot:5    | Gained mutation: You sometimes lose your temper in combat.
                  | [an orb of fire]
 73133 | Zot:5    | Gained mutation: Your health recovers twice as slowly from
                  | being drained. [an orb of fire]
 73146 | Zot:5    | Killed an orb of fire
 73486 | Zot:5    | Noticed a Killer Klown
 73527 | Zot:5    | Killed a Killer Klown
 73769 | Zot:5    | Noticed an orb of fire
 73777 | Zot:5    | Gained mutation: You have an uncontrollable temper. [an orb
                  | of fire]
 73782 | Zot:5    | Gained mutation: You occasionally lose the ability to read
                  | scrolls when taking damage. [an orb of fire]
 73786 | Zot:5    | Killed an orb of fire
 73829 | Zot:5    | Lost mutation: You are dopey. (Int -2) [potion of mutation]
 73829 | Zot:5    | Lost mutation: You have an uncontrollable temper. [potion
                  | of mutation]
 73829 | Zot:5    | Lost mutation: Your body often deteriorates upon taking
                  | damage. [potion of mutation]
 73829 | Zot:5    | Gained mutation: You are partially covered in iridescent
                  | scales. (AC +2) [potion of mutation]
 73830 | Zot:5    | Lost mutation: You sometimes lose your temper in combat.
                  | [potion of mutation]
 73830 | Zot:5    | Lost mutation: You are partially covered in iridescent
                  | scales. (AC +2) [potion of mutation]
 73830 | Zot:5    | Lost mutation: Your body sometimes deteriorates upon taking
                  | damage. [potion of mutation]
 73830 | Zot:5    | Gained mutation: Your magical capacity is low. (-10% MP)
                  | [potion of mutation]
 73831 | Zot:5    | Lost mutation: Your health recovers twice as slowly from
                  | being drained. [potion of mutation]
 73831 | Zot:5    | Lost mutation: You occasionally lose the ability to read
                  | scrolls when taking damage. [potion of mutation]
 73831 | Zot:5    | Gained mutation: You are somewhat resistant to further
                  | mutation. [potion of mutation]
 74026 | Zot:5    | Noticed an ancient lich
 75236 | Zot:5    | Noticed a Killer Klown
 75249 | Zot:5    | Noticed an orb of fire
 75251 | Zot:5    | Gained mutation: You are very weak. (Str -4) [an orb of
                  | fire]
 76137 | Zot:5    | Noticed a Killer Klown
 76252 | Zot:5    | Killed a Killer Klown
 76684 | Zot:5    | Lost mutation: You are very weak. (Str -4) [an orb of fire]
 77033 | Zot:5    | Gained mutation: Your magical capacity is very low. (-20%
                  | MP) [an orb of fire]
 77043 | Zot:5    | Killed an orb of fire
 77889 | Vaults:5 | Entered Level 5 of the Vaults
 78089 | Vaults:5 | Noticed a dread lich
 78107 | Vaults:5 | Killed a dread lich
 78108 | Vaults:5 | Found Qupousur's Armour Emporium.
 78184 | Vaults:5 | Bought the +5 moon troll leather armour {Spirit, Regen++
                  | MP+5} for 1130 gold pieces
 78184 | Vaults:5 | Found the +5 moon troll leather armour {Spirit, Regen++
                  | MP+5}
 78241 | Vaults:5 | Noticed a dread lich
 78277 | Vaults:5 | Killed a dread lich
 78289 | Vaults:5 | Received a gift from Trog
 78319 | Vaults:5 | Identified the ring of the Burgomaster {rElec rF+ rC+ MP+9}
 78403 | Vaults:5 | Identified the amulet of Fidiow {Reflect rN+ Int+2 SH+5}
 78794 | Vaults:5 | Noticed an ancient lich
 78830 | Vaults:5 | Killed an ancient lich
 79007 | Vaults:5 | Acquired 652 gold pieces
 79533 | Vaults:5 | Identified the ring "Damnable Contraption" {^Contam rPois
                  | rF+ rN+++ Will-}
 79834 | Vaults:5 | Received a gift from Trog
 79944 | Vaults:5 | Got a silver rune of Zot
 80192 | Vaults:5 | Noticed a dread lich
 80231 | Vaults:5 | Killed a dread lich
 80351 | Vaults:5 | Identified the staff "Ohec" {rPois Str+3 Int+3 Alchemy}
 81419 | Zot:5    | Killed a Killer Klown
 81469 | Zot:5    | Killed an ancient lich
 81482 | Zot:5    | Noticed an ancient lich
 81483 | Zot:5    | Noticed an orb of fire
 81573 | Zot:5    | Noticed an orb of fire
 81574 | Zot:5    | Noticed an orb of fire
 81575 | Zot:5    | Noticed an orb of fire
 81805 | Zot:5    | Killed an ancient lich
 81864 | Zot:5    | Killed an orb of fire
 81947 | Zot:5    | Killed an orb of fire
 82210 | Zot:5    | Noticed a Killer Klown
 82228 | Zot:5    | Killed a Killer Klown
 84285 | Zot:4    | Gained mutation: Your health recovers twice as slowly from
                  | being drained. [an orb of fire]
 84294 | Zot:4    | Gained mutation: You sometimes lose your temper in combat.
                  | [an orb of fire]
 84306 | Zot:4    | Killed an orb of fire
 84370 | Zot:4    | Killed an orb of fire
 84591 | Zot:5    | Killed a Killer Klown
 85440 | Zot:5    | Got the Orb of Zot
 86099 | D:$      | Escaped with the Orb!

Illustrated notes

Levels and vault maps discovered:
D:1:      minmay_arrival_cross, layout_loops_ring
D:2:      layout_basic, shapermc_ecumenical_altar_gd, basic_altar, st_stairs_6,
          chequers_arboretum
D:3:      layout_loops_ring, kennysheep_generic_room_10
D:4:      layout_basic, uniq_pikel
D:5:      layout_layer_cave, minmay_temple_entry_ruins, uniq_sigmund,
          uniq_duvessa
D:6:      layout_basic, roderic_lattice_a, corner_web_ring,
          kennysheep_another_room, nicolae_take_the_stairs,
          nicolae_stop_n_shop_2
D:7:      layout_basic
D:8:      layout_gridville, minitemple, chequers_serial_rivers_small_a
D:9:      layout_cave_pools, nicolae_ru_great_annihilating_truth,
          grunt_lair_entry_orc_guard_hut, minmay_pinched_square
D:10:     layout_roguey [special_room_orc], nicolae_overflow_crystal_walls,
          nicolae_trove_entry_crossroad
D:11:     layout_long_grid, minmay_orc_entry_temple_small,
          nicolae_shop_sticking_my_neck_out
D:12:     layout_stronghold
D:13:     layout_irregular_city, david_vaults_1
D:14:     layout_irregular_city, ashenzari_altar_1,
          worldfamousw_hep_ancestral_shrine
D:15:     grunt_enter_depths_magical_seal, layout_loops_ring, special_room
          [special_room_orc], minmay_misc_feat_hallway
Temple:   nicolae_temple_cloud_nine
Lair:1:   layout_big_grid, gauntlet_entry_generic, st_stairs_9
Lair:2:   layout_roguey, minmay_shoals_entry_lonely_mermaid, uniq_gastronok
Lair:3:   cheibrodos_lair_overgrown_chateau, layout_gridlike,
          minmay_snake_entry_guardpost_small, kennysheep_basilisk_garden
Lair:4:   layout_gridlike, uniq_snorg
Lair:5:   grunt_lair_end_beastmaster, layout_concentric_octagons,
          dpeg_slime_entry_corner, chequers_serial_rivers_micro_e
Shoals:1: cheibrodos_shoals_epimethial_gifts, layout_shoals,
          nicolae_shoals_beach_cooler
Shoals:2: layout_shoals, portal_ice_cave_entry_pillars_three, serial_shops,
          shop_statue
Shoals:3: layout_shoals
Shoals:4: shoals_end_grunt_ice, layout_shoals, uniq_polyphemus, uniq_nikola
Snake:1:  layout_cave_pods, ebering_ghost_rock_garden,
          nicolae_snake_the_dead_are_slithering, minmay_shoptagon
Snake:2:  layout_misc_corridors, serial_shops, shop, uniq_vashnia, uniq_louise,
          uniq_mlioglotl
Snake:3:  layout_misc_corridors, grunt_megastairs_3
Snake:4:  johnstein_snake_rune_scales, layout_cave_town, uniq_aizul
Orc:1:    layout_caves, uniq_maurice
Orc:2:    st_orc_ogre_mass, layout_diamond_mine, basic_altar, uniq_saint_roka
Elf:1:    minmay_elf_arrival_plus, layout_gridlike, nicolae_elf_altarnating,
          drop_trap, serial_library_hellmonk_room_a, uniq_donald, uniq_azrael
Elf:2:    nicolae_elf_blades_crystal_corner, layout_geoelf_diagonals,
          portal_desolation_entry_holy_temple, serial_shops, shop
Elf:3:    minmay_elf_hall_spiked, layout_onion_city, serial_shops, shop,
          ebering_dispersal_statue_hall, minivault_5
Vaults:1: ontoclasm_vaults_hangar, hangedman_vaults_maws,
          hangedman_vaults_corner_blocks, st_quartered_hall,
          grunt_vaults_twisty, nicolae_vaults_theta,
          nicolae_vaults_stepped_doors, nicolae_vaults_diamond_1,
          nicolae_vaults_double_plus_3, ontoclasm_vaults_eye,
          vaults_dpeg_diagonal, layout_vaults_big_room
Vaults:2: nicolae_vaults_wrenched, v_misc_8, blue_anna_dwarven_crypt,
          nicolae_vaults_hexular_roomagon, vaults_room_fours, minmay_orc_keep,
          v_alt_pattern_3, nicolae_vaults_circle_grid_a,
          nicolae_vaults_little_guard_posts, nicolae_vaults_apartment_1,
          hangedman_vaults_unwind, v_rooms_6, nicolae_vaults_what_the_h,
          nicolae_vaults_double_plus_1, layout_vaults_omnicross
Vaults:3: v_alt_pattern_2, vaults_room_grid, v_rooms_1,
          nicolae_vaults_enemy_cabinets, ontoclasm_vaults_decontamination,
          layout_vaults_omnigrid, serial_shops, nicolae_shop_hallway_stairs
Vaults:4: nicolae_vaults_little_squares_6, v_misc_3, v_misc_5, vaults_mumra_hex,
          v_alt_pattern_6, vaults_dpeg_cross, ontoclasm_vaults_idyll,
          vaults_standard_mumra_enter_the_diamond, hangedman_vaults_river_flow,
          nicolae_vaults_double_plus_2, lightli_church_of_beogh,
          nicolae_vaults_little_squares_1, nicolae_vaults_tetromino_Z_2,
          nicolae_vaults_house_3, layout_vaults_ring, serial_shops,
          nicolae_shop_tiny_glass
Vaults:5
Depths:1: layout_gridville, abyss_entry, serial_shops, shop, shop,
          nicolae_square_shop, kennysheep_mini, xom_redecorated, hell_entry,
          minmay_misc_feat_square, kennysheep_crisscross,
          minmay_misc_feat_alley, dk_noncrumbling_2, drop_trap,
          nicolae_yredelemnul_corpse_copse
Depths:2: regret_index_dithmenos_brocken_genspenst, layout_cave_pools,
          chequers_serial_rivers_marsh, hell_entry, rand_demon_pan_entry_7,
          minmay_staircase_windowed_small, minmay_shop_grove
Depths:3: minmay_the_grid_3x2 [minmay_the_grid_x,
          minmay_the_grid_minigrid_medium, minmay_the_grid_holed_spiral,
          minmay_the_grid_rooms, minmay_the_grid_slots,
          minmay_the_grid_prize_trominoes], layout_honeycomb,
          rand_demon_pan_entry_1, nicolae_abyss_entry_one_way_or_another,
          hell_entry, nzn_wu_jian_council_hall, nicolae_stop_n_shop_1,
          infiniplex_staircase_pillars_1, serial_bayou_shore_b
Depths:4: grunt_x_marks_the_spot, layout_cave_pools, enter_ziggurat_c,
          trog_three_pillars_becter, regret_index_abyss_entry_already_here,
          grunt_hell_horde
Zot:1:    layout_twisted_circle, hangedman_swamp_dais, uniq_grunn
Zot:2:    layout_misc_corridors
Zot:3:    gammafunk_dig_for_victory, layout_misc_corridors,
          regret_index_zotdec_under_construction, hangedman_zot_wheel_spokes
Zot:4:    bobbens_index_wilting_gardens, layout_twisted_circle,
          bh_zot_lava_cross
Zot:5:    layout_gridlike, skrybe_zot_glass_1

Skill      XL: |  1  2  3  4  5  6  7  8  9 10 11 12 13 14 15 16 17 18 19 20 21 22 23 24 25 26 27 |
---------------+----------------------------------------------------------------------------------+-----
Stealth        | 1 2 3 4 5 6 9 10 11 13 15 16 18 20 | 20.0
Short Blades   | 5 6 7 9 10 11 13 14 16 20 21 23 24 25 26 27 | 27.0
Fighting       | 4 5 8 9 11 13 14 15 16 18 19 20 24 | 24.5
Dodging        | 3 5 8 10 11 13 15 16 20 23 | 23.9
Evocations     | 3 5 8 12 13 14 16 18 19 20 21 | 21.8
Armour         | 4 6 8 10 13 | 13.4
Throwing       | 1 4 |  4.0
Shields        | 6 11 14 15 16 17 18 20 | 20.0

Action                     |  1- 3 |  4- 6 |  7- 9 | 10-12 | 13-15 | 16-18 | 19-21 | 22-24 | 25-27 || total
---------------------------+-------+-------+-------+-------+-------+-------+-------+-------+-------++-------
  Melee: Short sword       |   166 |    41 |   148 |   950 |  1174 |   759 |       |       |       ||  3238
         Dagger            |       |   116 |   121 |       |       |       |       |       |       ||   237
         Rapier            |       |       |       |       |       |  1010 |    55 |       |       ||  1065
         Pair of quick bla |       |       |       |       |       |       |  2206 |       |       ||  2206
         Quick blade       |       |       |       |       |       |       |  1237 |  3711 |  8895 || 13843
  Throw: Dart              |       |       |     4 |    11 |     3 |     2 |     1 |       |     2 ||    23
 Invoke: Berserk           |     1 |     4 |     4 |    14 |     9 |     7 |    13 |     5 |    23 ||    80
         Trog's Hand       |       |       |     1 |       |     2 |     2 |     1 |       |     3 ||     9
         Brothers in Arms  |       |       |       |     1 |     2 |     5 |     5 |     4 |    10 ||    27
  Evoke: Wand              |       |       |       |       |       |    16 |     8 |       |    23 ||    47
         Box of beasts     |       |       |       |       |       |     2 |     2 |     1 |     2 ||     7
         Condenser vane    |       |       |       |       |       |     1 |     2 |       |     2 ||     5
         Lightning rod     |       |       |       |       |       |     4 |       |     4 |       ||     8
         Phantom mirror    |       |       |       |       |       |       |       |       |     3 ||     3
         Gell's gravitambo |       |       |       |       |       |       |       |       |     2 ||     2
    Use: Scroll            |       |     1 |     2 |    11 |     8 |    11 |    16 |     4 |    17 ||    70
         Potion            |       |       |     1 |       |       |     4 |     4 |       |    19 ||    28
   Stab: Sleeping          |     1 |       |     2 |    13 |    58 |    38 |    75 |    72 |    57 ||   316
         Distracted        |       |       |     1 |     2 |     6 |     8 |    17 |    15 |    53 ||   102
         Paralysed         |       |       |       |     1 |       |       |       |       |       ||     1
         Petrified         |       |       |       |       |       |     2 |       |       |       ||     2
         Invisible         |       |       |       |       |       |       |       |       |     1 ||     1
         Confused          |       |       |       |       |       |       |       |       |     2 ||     2
 Armour: Animal skin       |    10 |       |       |       |       |       |       |       |       ||    10
         Chain mail        |    77 |   101 |   120 |   252 |       |       |       |       |       ||   550
         Steam dragon scal |       |       |       |    86 |   143 |     9 |       |       |       ||   238
         Acid dragon scale |       |       |       |       |       |    76 |       |       |       ||    76
         Scale mail        |       |       |       |       |       |    47 |   110 |   341 |   697 ||  1195
         Leather armour    |       |       |       |       |       |    99 |   166 |       |       ||   265
         Troll leather arm |       |       |       |       |       |       |       |       |   202 ||   202
  Dodge: Dodged            |    67 |    50 |    96 |   591 |   662 |   667 |   842 |  1376 |  2380 ||  6731
  Block: Kite shield       |       |       |       |       |   752 |  1284 |   524 |  1704 |  2935 ||  7199

Table legend: (Time is in decaauts)
 A = Elapsed time spent in this place.
 B = Non-inter-level travel time spent in this place.
 C = Inter-level travel time spent in this place.
 D = Time resting spent in this place.
 E = Time spent auto-exploring this place.
 F = Levels seen in this place.
 G = Mean time per level.
                   A        B        C        D        E       F      G
               +--------+--------+--------+--------+--------+-----+--------+
         Total |  82143 |  74964 |   7179 |  14844 |  43786 |  56 | 1466.8 |
       Dungeon |  20467 |  17576 |   2891 |   3349 |  11623 |  15 | 1364.5 |
        Temple |      1 |      1 |      0 |      0 |      0 |   1 |    1.0 |
          Lair |   7063 |   6415 |    648 |    875 |   4424 |   5 | 1412.6 |
        Shoals |   6902 |   6726 |    176 |   1695 |   3915 |   4 | 1725.5 |
     Snake Pit |   4447 |   4229 |    218 |    472 |   2589 |   4 | 1111.8 |
  Orcish Mines |   2123 |   1868 |    255 |    260 |   1009 |   2 | 1061.5 |
   Elven Halls |   6005 |   5683 |    322 |   1755 |   2811 |   3 | 2001.7 |
        Vaults |   9320 |   8341 |    979 |    851 |   5259 |   5 | 1864.0 |
        Depths |   5271 |   4617 |    654 |    591 |   2610 |   4 | 1317.8 |
           Zot |  14813 |  13779 |   1034 |   3299 |   7678 |   5 | 2962.6 |
         Abyss |   1190 |   1190 |      0 |    177 |      0 |   5 |  238.0 |
      Ice Cave |   1489 |   1489 |      0 |    725 |    369 |   1 | 1489.0 |
    Desolation |   2221 |   2221 |      0 |    630 |   1102 |   1 | 2221.0 |
      Gauntlet |    825 |    825 |      0 |    162 |    395 |   1 |  825.0 |
               +--------+--------+--------+--------+--------+-----+--------+

Top non-repeatable levels by time:
   Zot:5: 7723 daAuts
   Zot:4: 2643 daAuts
Vaults:5: 2447 daAuts
   Elf:3: 2362 daAuts
Desolation: 2221 daAuts
Shoals:1: 2131 daAuts
   Elf:1: 2088 daAuts
  Lair:3: 2030 daAuts
     D:8: 1962 daAuts
Shoals:4: 1953 daAuts
   Zot:3: 1898 daAuts
  Lair:5: 1890 daAuts
     D:9: 1887 daAuts
Vaults:1: 1835 daAuts
Shoals:3: 1775 daAuts
